 Dungeon Crawl Stone Soup version 0.15.2 (webtiles) character file.

174 1994 the Poker (level 5, -2/41 HPs)
             Began as a Merfolk Gladiator on Sept 28, 2020.
             Slain by Grinder (4 damage)
             ... on Level 3 of the Dungeon.
             The game lasted 00:14:41 (3316 turns).

1994 the Poker (Merfolk Gladiator)                  Turns: 3316, Time: 00:14:41

HP  -2/41        AC  6     Str 15      XL: 5   Next: 54%
MP   5/5         EV 10     Int  8      God:
Gold 108         SH  4     Dex 15      Spells:  0 memorised,  4 levels left

rFire  . . .     SeeInvis .     a - +0 trident
rCold  . . .     Clarity  .     k - +0 ring mail
rNeg   . . .     rCorr    .     m - +0 buckler
rPois  .         rRot     .     c - +0 helmet
rElec  .         Spirit   .     (no cloak)
SustAb .         Warding  .     (no gloves)
rMut   .         Stasis   .     (no boots)
Gourm  .                        (no amulet)
MR     .....                    (no ring)
                                (no ring)

@: not resistant to hostile enchantments, very unstealthy
A: change form in water, swift swim
a: no special abilities


You were on level 3 of the Dungeon.
You were not hungry.

You visited 1 branch of the dungeon, and saw 3 of its levels.

You collected 108 gold pieces.

Inventory:

Hand weapons
 a - a +0 trident (weapon)
 b - a +0 hunting sling
 s - a +2 short sword of draining
 t - a +4 short sword
Missiles
 d - 3 throwing nets
 e - 59 stones (quivered)
 y - 17 sling bullets
Armour
 c - a +0 helmet (worn)
 k - a +0 ring mail (worn)
 m - a +0 buckler (worn)
Magical devices
 w - a wand of flame (10)
Comestibles
 f - 3 bread rations
 o - 3 meat rations
 q - 3 fruits
Scrolls
 h - 2 scrolls of teleportation {unknown}
 i - a scroll of magic mapping {unknown}
 j - 2 scrolls of random uselessness {unknown}
 l - a scroll of noise {unknown}
 p - 2 scrolls of identify {unknown}
 v - a scroll of immolation {unknown}
 z - a scroll of recharging {unknown}
Jewellery
 x - an uncursed ring of protection from fire {unknown}
Potions
 g - a potion of restore abilities {unknown}
 n - 4 potions of confusion {unknown}
 r - 2 potions of haste {unknown}
 u - a potion of agility {unknown}
 B - a potion of berserk rage {unknown}


   Skills:
 + Level 3.3 Fighting
 * Level 6.0 Polearms
 - Level 2.0 Throwing
 - Level 5.2 Dodging
 + Level 1.4 Stealth
 * Level 1.8 Shields


You had 4 spell levels left.
You didn't know any spells.

Dungeon Overview and Level Annotations

Branches:
Dungeon (3/15)

Altars:

Annotations:
D:3 Grinder


Message History

Unknown command.
Unknown command.
You barely miss Grinder.
Grinder is severely wounded.
Grinder misses you.
Unknown command.
Unknown command.
You barely miss Grinder.
Grinder is severely wounded.
Grinder gestures at you. Pain shoots through your body!
* * * LOW HITPOINT WARNING * * *
Unknown command.
Unknown command.
You barely miss Grinder.
Grinder is severely wounded.
Grinder hits you.
* * * LOW HITPOINT WARNING * * *
You writhe in agony.
You die...

#.# #.# # ## ..# #.######..... ..
########.# #...).....# #.
#......#.# #.######..# #.
#.####.#.# ####.### #..# ######.
#.####.#.###......# #..# #......
#.#........#......# #..###......
#.#.###...........# #...........
#.#.#......#...5@.####...........
#.#.#..#.#.(.....................
.......#.(....(.###...#..).......
.......#.(...(...........).......
.........#.......#.##.#..........
..........(......#.##'###........
..........######.#...............
#'#............5...........5...#.
..###.....######...............#.


You could see Grinder.

Vanquished Creatures
  An orc wizard (D:2)
  8 adders
  A giant mite (D:2)
  2 worms
  A giant gecko (D:3)
  3 orcs (D:2)
  A giant cockroach (D:3)
  7 goblins
  8 hobgoblins
  3 jackals (D:1)
  6 bats
  5 giant newts
  10 kobolds
  6 rats
62 creatures vanquished.

Notes
Turn   | Place    | Note
--------------------------------------------------------------
     0 | D:1      | 1994, the Merfolk Gladiator, began the quest for the Orb.
     0 | D:1      | Reached XP level 1. HP: 16/16 MP: 1/1
   386 | D:1      | Reached XP level 2. HP: 23/23 MP: 2/2
   864 | D:1      | Reached skill level 5 in Polearms
  1207 | D:2      | Reached XP level 3. HP: 28/28 MP: 3/3
  1541 | D:2      | Reached skill level 5 in Dodging
  1541 | D:2      | Reached XP level 4. HP: 23/34 MP: 4/4
  1860 | D:2      | Reached skill level 1 in Stealth
  2339 | D:2      | Reached skill level 1 in Shields
  2566 | D:3      | Reached XP level 5. HP: 21/41 MP: 5/5
  3122 | D:3      | Reached skill level 6 in Polearms
  3186 | D:3      | Noticed Grinder
  3186 | D:3      | Paralysed by Grinder for 4 turns
  3300 | D:3      | Paralysed by Grinder for 7 turns
  3316 | D:3      | HP: 2/41 [Grinder (3)]
  3316 | D:3      | Slain by Grinder

Action                   |  1- 3 |  4- 6 || total
-------------------------+-------+-------++-------
Melee: Trident           |    99 |   123 ||   222
 Fire: Hunting sling     |       |    17 ||    17
Throw: Stone             |     9 |     3 ||    12
Evoke: Wand              |     3 |       ||     3
 Stab: Sleeping          |     1 |       ||     1
  Eat: Chunk             |     2 |     6 ||     8
